 Dungeon Crawl Stone Soup version 0.18.1-6-gd335043 (webtiles) character file.

172 lightmor the Shield-Bearer (level 5, -2/45 HPs)
             Began as a Minotaur Fighter on May 18, 2016.
             Killed from afar by an orc wizard (8 damage)
             ... with a puff of flame
             ... on level 3 of the Dungeon.
             The game lasted 00:04:01 (2243 turns).

lightmor the Shield-Bearer (Minotaur Fighter)       Turns: 2243, Time: 00:04:03

Health: -2/45      AC:  6    Str: 27    XL:     5   Next: 27%
Magic:  4/4        EV:  8    Int: 10    God:
Gold:   176        SH: 10    Dex:  9    Spells: 0 memorised, 4 levels left

rFire  . . .     SeeInvis .     a - +0 long sword
rCold  . . .     Gourm    .     b - +0 scale mail
rNeg   . . .     Faith    .     c - +0 shield
rPois  .         Spirit   .     o - +0 hat
rElec  .         Dismiss  .     (no cloak)
rCorr  .         Reflect  .     (no gloves)
SustAt .         Harm     .     (no boots)
MR     .....                    (no amulet)
Stlth  ..........               (no ring)
                                q - +5 ring of intelligence

@: mighty, not resistant to hostile enchantments, extremely unstealthy
A: retaliatory headbutt, horns 2
a: no special abilities


You were on level 3 of the Dungeon.
You were not hungry.

You visited 1 branch of the dungeon, and saw 3 of its levels.

You collected 176 gold pieces.

Inventory:

Hand Weapons
 a - a +0 long sword (weapon)
Armour
 b - a +0 scale mail (worn)
 c - a +0 shield (worn)
 o - a +0 hat (worn)
Jewellery
 q - a +5 ring of intelligence (left hand)
Wands
 g - a wand of acid (7/15)
Scrolls
 e - a scroll of fog
 j - 2 scrolls of magic mapping
 l - a scroll of enchant weapon
 m - 2 scrolls of teleportation
 n - a scroll of recharging {unknown}
 p - a scroll of amnesia {unknown}
 s - a scroll of remove curse {unknown}
Potions
 d - a potion of might
Comestibles
 f - 3 bread rations
 h - a beef jerky
 k - 2 meat rations
 r - 6 chunks of flesh


   Skills:
 - Level 3.6 Fighting
 * Level 4.2 Long Blades
 - Level 3.6 Armour
 + Level 1.0 Dodging
 * Level 6.1 Shields


You had 4 spell levels left.
You didn't know any spells.

Dungeon Overview and Level Annotations

Branches:
Dungeon (3/15)

Altars:
Elyvilon
Ru


Innate Abilities, Weirdness & Mutations

You reflexively headbutt those who attack you in melee.
You have a pair of horns on your head.


Message History

Your shield prevents you from hitting the orc.
The orc is heavily wounded.
The orc hits you with a whip. Something hits you but does no damage.
You slice the orc!!
You kill the orc!
Something hits you. Something burns you.
You hear some strange, mumbled words.
A magic dart appears from out of thin air!
The magic dart hits you!
You see here a whip.
You hear some strange, mumbled words.
A puff of flame appears from out of thin air!
The puff of flame hits you!
The orc priest mumbles some strange prayers to Beogh against you.
Beogh smites you!
* * * LOW HITPOINT WARNING * * *
You hear some strange, mumbled words.
A puff of flame appears from out of thin air!
The puff of flame hits you!
You die...

######################
#.)...#.....#.........
#.###)#)###.#.########
#)#..o...##.#.#
#########.#...#..##.#.########
.................)......>.....
########..#.#.#..##.#.....####
#..#.#@#..##.#.....####
##.#.###..##.###...##..
..........##.#.....##.#
..o..###.....[.....##.#
#....## #.......#.#.##..
...... #.###.....#.####
##....<# #.# #.#####.# #.....#
#.# #.# .# #.# #.#


You could see an orc priest.

Vanquished Creatures
  Jessica (D:3)
  An orc wizard (D:2)
  2 gnolls (D:1)
  3 adders (D:2)
  An ooze (D:2)
  A worm (D:2)
  2 dart slugs
  3 giant geckos (D:2)
  5 orcs (D:3)
  5 ball pythons
  4 giant cockroaches
  6 goblins
  3 hobgoblins
  2 quokkas (D:3)
  4 bats
  4 giant newts
  6 kobolds
  8 rats
61 creatures vanquished.

Notes
Turn   | Place    | Note
--------------------------------------------------------------
     0 | D:1      | lightmor the Minotaur Fighter began the quest for the Orb.
     0 | D:1      | Reached XP level 1. HP: 19/19 MP: 0/0
    89 | D:1      | Reached skill level 4 in Shields
    89 | D:1      | Reached XP level 2. HP: 22/26 MP: 1/1
   644 | D:1      | Reached XP level 3. HP: 31/31 MP: 2/2
   745 | D:1      | Reached skill level 5 in Shields
  1472 | D:2      | Found a white marble altar of Elyvilon.
  1475 | D:2      | Reached XP level 4. HP: 37/39 MP: 3/3
  1552 | D:2      | Found a sacrificial altar of Ru.
  2112 | D:3      | Noticed Jessica
  2117 | D:3      | Killed Jessica
  2117 | D:3      | Reached skill level 1 in Dodging
  2117 | D:3      | Reached skill level 6 in Shields
  2117 | D:3      | Reached XP level 5. HP: 42/45 MP: 4/4
  2243 | D:3      | Killed from afar by an orc wizard

Skill      XL: |  1  2  3  4 |
---------------+-------------+-----
Shields        | 4 5 6 |  6.1
Long Blades    | 3 4 |  4.2
Dodging        | 1 |  1.0
Fighting       | |  3.6
Armour         | |  3.6

Action                   |  1- 3 |  4- 6 || total
-------------------------+-------+-------++-------
Melee: Long sword        |    83 |    78 ||   161
       Headbutt          |    14 |    13 ||    27
  Use: Scroll            |     1 |     4 ||     5
       Potion            |       |     2 ||     2
  Eat: Chunk             |     2 |     2 ||     4
Armor: Scale mail        |    34 |    32 ||    66
Dodge: Dodged            |    18 |    28 ||    46
Block: Shield            |    37 |    48 ||    85
